 Dungeon Crawl Stone Soup version 0.20-a0-1116-gaa52201 (webtiles) character file.

455 Infinimo the Grasshopper (level 7, -2/57 HPs)
             Began as a Naga Arcane Marksman on May 8, 2017.
             Slain by Duvessa
             ... wielding a +0 short sword
              (10 damage)
             ... on level 4 of the Dungeon.
             The game lasted 00:10:08 (2946 turns).

Infinimo the Grasshopper (Naga Arcane Marksman)     Turns: 2946, Time: 00:10:09

Health: -2/57      AC:  6    Str: 12    XL:     7   Next: 5%
Magic:  8/8        EV: 12    Int: 13    God:
Gold:   210        SH:  0    Dex: 14    Spells: 4/8 levels left

rFire    + . .     SeeInvis +   a - +0 shortbow
rCold    . . .     Gourm    .   (shield currently unavailable)
rNeg     . . .     Faith    .   e - +0 robe
rPois    +         Spirit   .   (no helmet)
rElec    .         Reflect  .   p - +0 cloak
rCorr    .         Harm     .   q - +1 pair of gloves
MR       .....                  (no barding)
Stlth    +.........             (no amulet)
Regen    0.2/turn               j - ring of protection from fire
MPRegen  0.2/turn               n - +2 ring of evasion

@: about to teleport, very slow
A: see invisible, deformed body, poison resistance, slowness 2, slow metabolism
1, spit poison 1, AC +2
a: Spit Poison


You were on level 4 of the Dungeon.
You were hungry.

You visited 1 branch of the dungeon, and saw 4 of its levels.

You collected 210 gold pieces.

Inventory:

Hand Weapons
 a - a +0 shortbow (weapon)
Missiles
 d - 12 arrows (quivered)
Armour
 e - a +0 robe (worn)
 p - a +0 cloak (worn)
 q - a +1 pair of gloves (worn)
Jewellery
 j - a ring of protection from fire (left hand)
 n - a +2 ring of evasion (right hand)
Scrolls
 h - 3 scrolls of identify
Potions
 k - 2 potions of invisibility
 l - a potion of lignification
 m - a potion of brilliance
 o - a potion of curing
 s - a potion of haste
Books
 c - a book of Debilitation

   Spells                             Type                      Level
   a - Corona                         Hexes                        1
   b - Slow                           Hexes                        2
   c - Inner Flame                    Hexes/Fire                   3
   d - Portal Projectile              Hexes/Translocation          3
   e - Cause Fear                     Hexes                        4
   f - Leda's Liquefaction            Hexes/Earth                  4
Comestibles
 b - 3 fruits
 f - 3 bread rations
 g - 3 meat rations
 i - 3 royal jellies


   Skills:
 - Level 1.0 Fighting
 - Level 4.3 Bows
 - Level 1.5 Dodging
 - Level 1.0 Spellcasting
 - Level 3.0 Hexes
 + Level 5.3 Translocations


You had 4 spell levels left.
You knew the following spells:

 Your Spells              Type           Power        Failure   Level  Hunger
a - Corona                Hex            #......      9%          1    ##.....
b - Portal Projectile     Hex/Tloc       ##....       16%         3    ####...


Dungeon Overview and Level Annotations

Branches:
Dungeon (4/15)
 Temple: D:4-7

Altars:
Elyvilon
Sif Muna
Xom

Annotations:
D:4 Duvessa


Innate Abilities, Weirdness & Mutations

You cannot wear boots.
Your serpentine skin is tough. (AC +2)
You have supernaturally acute eyesight. (SInv)
Armour fits poorly on your strangely shaped body.
Your system is resistant to poisons. (rPois)
You cover ground very slowly.
You have a slow metabolism.
You can spit poison.


Message History

Duvessa is heavily wounded.
Duvessa hits you with a short sword. x2
Firing (i - inventory):
d - 13 arrows (quivered)
Press: ? - help, Shift-Dir - straight line, f/p - Duvessa
Aim: Duvessa, wielding a short sword and wearing a chain mail (heavily wounded, berserk, fast, unusually strong)
You shoot an arrow. The arrow hits Duvessa.
Duvessa is heavily wounded.
Duvessa hits you with a short sword!
* * * LOW HITPOINT WARNING * * *
Duvessa closely misses you.
As you read the scroll of teleportation, it crumbles to dust.
You feel strangely unstable. Duvessa hits you with a short sword!
* * * LOW HITPOINT WARNING * * *
You feel better.
You have got your breath back.
Duvessa hits you with a short sword.
* * * LOW HITPOINT WARNING * * *
Duvessa hits you with a short sword!
You die...

#.#. ......... ..#.#
.........
#...####........
#.....(#........
#.........#
#......##.#
########...# ...
#....#....)# .....
#....#...@.# ...e...
#....#...e## .......
#....##.(.# ..)e...
#....##.#######.....
#....#(......# ....#
#....#.............#
#....#........##...#
#..................#
##
##....#.......##....
#####.


You could see Duvessa (berserk).

Vanquished Creatures
  Purgy (D:3)
  An ogre (D:4)
  Dowan (D:4)
  A hound (D:4)
  A jelly (D:3)
  Ijyb (D:3)
  Jessica (D:2)
  Robin (D:3)
  4 adders (D:2)
  An ooze (D:1)
  A worm (D:2)
  A leopard gecko (D:3)
  An orc (D:3)
  5 giant cockroaches
  14 goblins
  8 hobgoblins
  2 jackals (D:3)
  5 kobolds
  9 bats
  3 frilled lizards
  6 rats
68 creatures vanquished.

Notes
Turn   | Place    | Note
-------+----------+-------------------------------------------
     0 | D:1      | Infinimo the Naga Arcane Marksman began the quest for the Orb.
     0 | D:1      | Reached XP level 1. HP: 18/18 MP: 2/2
   280 | D:1      | Reached XP level 2. HP: 24/25 MP: 3/3
   741 | D:2      | Reached XP level 3. HP: 24/31 MP: 4/4
   867 | D:2      | Found a white marble altar of Elyvilon.
  1211 | D:2      | Found a deep blue altar of Sif Muna.
  1326 | D:2      | Reached XP level 4. HP: 24/38 MP: 5/5
  1612 | D:2      | Noticed Jessica
  1615 | D:2      | Killed Jessica
  1646 | D:2      | Learned a level 3 spell: Portal Projectile
  1676 | D:3      | Found a shimmering altar of Xom.
  1817 | D:3      | Noticed Ijyb
  1818 | D:3      | Noticed Robin
  1871 | D:3      | Killed Robin
  1871 | D:3      | Reached skill level 1 in Translocations
  1871 | D:3      | Reached XP level 5. HP: 39/44 MP: 6/6
  1903 | D:3      | Killed Ijyb
  1903 | D:3      | Reached skill level 2 in Translocations
  2197 | D:3      | Noticed Purgy
  2216 | D:3      | Killed Purgy
  2216 | D:3      | Reached skill level 4 in Translocations
  2216 | D:3      | Reached XP level 6. HP: 17/51 MP: 7/7
  2842 | D:4      | Reached skill level 5 in Translocations
  2897 | D:4      | Noticed Duvessa
  2897 | D:4      | Noticed Dowan
  2909 | D:4      | Killed Dowan
  2909 | D:4      | Reached XP level 7. HP: 46/57 MP: 8/8
  2946 | D:4      | Slain by Duvessa

Vault maps used:
D:1:      dpeg_arrival_long_road
D:2:      led_sif_pool, first_bread, elyvilon_altar_1, uniq_jessica
D:3:      xom_teletrap_fun, uniq_robin, uniq_purgy, uniq_ijyb
D:4:      kennysheep_another_room, uniq_duvessa

Skill      XL: |  1  2  3  4  5  6 |
---------------+-------------------+-----
Bows           | 2 3 4 |  4.3
Translocations | 1 4 5 |  5.3
Fighting       | |  1.0
Dodging        | |  1.5
Spellcasting   | |  1.0
Hexes          | |  3.0

Action                   |  1- 3 |  4- 6 |  7- 9 || total
-------------------------+-------+-------+-------++-------
 Fire: Shortbow          |    82 |    83 |     7 ||   172
 Abil: Spit Poison       |    12 |    42 |     3 ||    57
  Use: Scroll            |     4 |     7 |     1 ||    12
       Potion            |       |       |     1 ||     1
  Eat: Chunk             |       |     7 |       ||     7
Armor: Robe              |    10 |    19 |     4 ||    33
Dodge: Dodged            |    34 |    45 |     5 ||    84
